Match 44469302
Unlisted

Match 44469302
End
Construct Section Command Post
Selects Australian Defense Battlegroup
Selects Australian Light Infantry Section
Australian Light Infantry Section
Infantry Section
ML 3-inch Mortar Team
Construct Field Infirmary
Selects 2-pounder Anti-tank Gun Team
Selects Defensive Tactics
Infantry Section
Construct Platoon Command Post
Grenade Package
6-pounder Anti-tank Gun Team
Selects CMP 15cwt Supply Run
Unlock M3 Stuart Light Tanks
Royal Engineer Section
M3 Stuart Light Tank
Selects Artillery Trip Wire Flares
NooJ
_Totone_
fleimeri
IronChest
0
0

Comments sign in to comment!

No comments posted yet!